 Dungeon Crawl Stone Soup version 0.20.1-1-g8b1a95d (webtiles) character file.

13244 jmlagarto the Protected (level 11, -5/104 HPs)
             Began as a Deep Dwarf Berserker on Aug 14, 2017.
             Was an Elder of Trog.
             Slain by an elephant (11 damage)
             ... on level 3 of the Lair of Beasts on Aug 18, 2017.
             The game lasted 01:00:05 (9702 turns).

jmlagarto the Protected (Deep Dwarf Berserker)      Turns: 9702, Time: 01:00:06

Health: -5/104     AC: 18    Str: 25    XL:     11   Next: 73%
Magic:  3/3        EV: 11    Int:  7    God:    Trog [****..]
Gold:   711        SH:  0    Dex: 12    Spells: 10/10 levels left

rFire    . . .     SeeInvis .   T - +3 halberd (venom)
rCold    . . .     Gourm    .   (shield currently unavailable)
rNeg     . . .     Faith    +   Q - +1 plate armour
rPois    .         Spirit   .   n - +0 helmet
rElec    .         Reflect  .   v - +0 cloak
rCorr    .         Harm     .   H - +0 pair of gloves
MR       +....                  F - +1 pair of boots
Stlth    ..........             r - amulet of faith
Regen    0.0/turn               s - ring of fire
MPRegen  0.1/turn               O - ring of ice

@: corroded, berserk cooldown, very slightly contaminated, non-regenerating,
invisible
A: damage resistance, heal wounds, sense surroundings 2, no regeneration
a: Heal Wounds, Berserk, Trog's Hand, Brothers in Arms, Burn Spellbooks,
Renounce Religion


You were on level 3 of the Lair of Beasts.
You worshipped Trog.
Trog was greatly pleased with you.
You were full.

You visited 2 branches of the dungeon, and saw 13 of its levels.

You collected 984 gold pieces.
You spent 273 gold pieces at shops.

Inventory:

Hand Weapons
 i - a +2 quarterstaff of chaos
 D - a +1 rapier of speed
 K - a +0 shortbow
 T - a +3 halberd of venom (weapon)
Armour
 n - a +0 helmet (worn)
 v - a +0 cloak (worn)
 F - a +1 pair of boots (worn)
 H - a +0 pair of gloves (worn)
 N - a +2 leather armour of cold resistance
 Q - a +1 plate armour (worn)
Magical Staves
 W - an uncursed staff of cold {unknown}
Jewellery
 k - an uncursed ring of flight
 r - an amulet of faith (around neck)
 s - a ring of fire (left hand)
 O - a ring of ice (right hand)
Wands
 b - a wand of enslavement (8/24)
 f - a wand of lightning (0/15)
 o - a wand of clouds (3/9)
 u - a wand of acid (0/15)
 y - a wand of polymorph (5/24)
 M - a wand of iceblast (0/15)
 R - a wand of polymorph (11/24)
 U - a wand of paralysis (16/24)
 X - a wand of confusion (27/48)
 Z - a wand of confusion (22/48)
Scrolls
 d - 7 scrolls of remove curse
 j - a scroll of immolation
 l - 6 scrolls of enchant weapon
 m - 2 scrolls of amnesia
 A - 5 scrolls of teleportation
 L - 2 scrolls of fog
 P - a scroll of random uselessness
 Y - 5 scrolls of identify
Potions
 a - a potion of resistance
 h - 3 potions of flight
 q - a potion of magic
 t - 2 potions of agility
 w - a potion of curing
 x - a potion of lignification
 z - 3 potions of brilliance
 I - 3 potions of mutation
Books
 g - a book of Callings

   Spells                             Type                      Level
   a - Summon Small Mammal            Summoning                    1
   b - Call Imp                       Summoning                    2
   c - Call Canine Familiar           Summoning                    3
   d - Summon Guardian Golem          Hexes/Summoning              3
   e - Summon Lightning Spire         Summoning/Air                4
   f - Summon Ice Beast               Ice/Summoning                4
   Trog disapproves of the use of such an item.
 C - a book of Debilitation

   Spells                             Type                      Level
   a - Corona                         Hexes                        1
   b - Slow                           Hexes                        2
   c - Inner Flame                    Hexes/Fire                   3
   d - Portal Projectile              Hexes/Translocation          3
   e - Cause Fear                     Hexes                        4
   f - Leda's Liquefaction            Hexes/Earth                  4
   Trog disapproves of the use of such an item.
Comestibles
 c - 7 bread rations
 p - a meat ration
 G - 7 fruits
 J - 5 royal jellies


   Skills:
 + Level 8.9 Fighting
   Level 8.0 Maces & Flails
 * Level 8.1 Polearms
 + Level 10.0 Armour
 + Level 9.3 Dodging
 - Level 0.3 Stealth
 - Level 0.3 Evocations


You had 10 spell levels left.
You didn't know any spells.

Dungeon Overview and Level Annotations

Branches:
Dungeon (9/15)             Temple (0/1) D:6            Lair (4/6) D:9
  Swamp: Lair:2-4    Shoals: Lair:2-4     Snake: Lair:2-4    Spider: Lair:2-4
    Orc: D:9-12

Altars:
Dithmenos
Gozag
Nemelex Xobeh
Sif Muna
Beogh

Shops:
D:6 ?

Portals:
Labyrinth: Lair:3

Annotations:
Lair:3 exclusion: 2 oklob plants


Innate Abilities, Weirdness & Mutations

You are resistant to damage.
You can heal yourself by infusing magical energy.
You passively map the area around you.
You do not regenerate.


Message History

You fade into invisibility!
The black mamba misses you.
The oklob plant spits acid at the elephant.
The splash of acid misses you.
The splash of acid hits the elephant.
The elephant is splashed with acid.
The elephant completely misses you. The elephant trunk-slaps you.
The elephant barely misses you. x2
The black mamba misses you. The elephant tramples you!
* * * LOW HITPOINT WARNING * * *
You stumble backwards!
The oklob plant spits acid at the elephant.
The splash of acid hits the elephant.
The elephant is splashed with acid.
The acid corrodes the elephant!
The elephant trumpets!
You are very lightly contaminated with residual magic.
Marking area around the oklob plant as unsafe for travelling.
An oklob plant comes into view.
You feel better.
You feel yourself speed up. The black mamba misses you.
The elephant tramples you!
You die...

, P..#.#......#..
....................... ,
........................ ,,
..........#.......#..... ,
........................ *, ,
.PPP.................... * ,
,PP)P.................... * ,,,
, PPPPPP...§§§............ * ,
?P$P..@Y§§§...........# *
P..PP..SYY§§...†.......P
,PPP.P.$.tS§§§...........
#........PPP...§§§§.Y..........
,........P.....................
........).................... *
..............#.........Y... #.
,.......................>....
.#..##......................S..<


You could see 3 elephants, 2 oklob plants, a black mamba, a water moccasin and a
crocodile.

Vanquished Creatures
  A hydra (Lair:3)
  The ghost of aspa the Thaumaturge, a novice OpWz of Vehumet (D:9)
  Maurice (D:8)
  A black mamba (Lair:1)
  4 spiny frogs
  3 komodo dragons
  A rime drake (Lair:2)
  A hornet (D:8)
  3 blink frogs (Lair:3)
  2 hippogriffs
  A wyvern (D:9)
  10 yaks
  A steam dragon (D:8)
  7 water moccasins
  5 orc warriors
  An ice beast (D:8)
  5 porcupines
  A black bear (D:8)
  A sky beast (D:8)
  2 phantoms
  2 ogres
  12 wolves
  2 centaurs
  9 bullfrogs
  3 scorpions
  Dowan (D:5)
  A killer bee (D:8)
  2 howler monkeys (D:4)
  2 crimson imps (D:5)
  A jelly (D:9)
  2 quasits
  A bullfrog zombie (D:8)
  4 hounds
  Crazy Yiuf (D:3)
  8 orc priests
  5 orc wizards
  2 bullfrog skeletons
  Jessica (D:3)
  5 worker ants
  2 killer bee zombies
  2 hound skeletons (D:4)
  Robin (D:3)
  4 gnolls (D:3)
  10 adders
  A river rat (D:6)
  An ooze (D:5)
  An adder zombie (D:4)
  An adder skeleton (D:5)
  3 worms
  5 dart slugs
  4 leopard geckos
  27 orcs
  5 giant cockroaches
  3 goblins
  13 hobgoblins
  13 jackals
  2 quokkas
  5 bats
  2 frilled lizards
  A jackal skeleton (D:8)
  10 kobolds
  A quokka zombie (D:6)
  6 rats
  3 fungi (D:9)
  2 plants
244 creatures vanquished.

Vanquished Creatures (collateral kills)
  A hydra (Lair:3)
  Joseph (D:8)
  A troll (D:9)
  A wyvern (D:8)
  2 orc warriors (D:8)
  3 killer bees (D:8)
  An orc priest (D:8)
  4 orcs
  A giant cockroach (D:8)
15 creatures vanquished.

Vanquished Creatures (others)
  3 fungi (D:9)
  A plant (D:9)
4 creatures vanquished.

Grand Total: 263 creatures vanquished

Notes
Turn   | Place    | Note
-------+----------+-------------------------------------------
     0 | D:1      | jmlagarto the Deep Dwarf Berserker began the quest for the Orb.
     0 | D:1      | Reached XP level 1. HP: 20/20 MP: 1/1
   151 | D:1      | Reached XP level 2. HP: 24/27 MP: 2/2
   567 | D:1      | Reached XP level 3. HP: 28/34 MP: 3/3
  1054 | D:2      | Found a shadowy altar of Dithmenos.
  1138 | D:2      | Found an opulent altar of Gozag.
  1198 | D:2      | Reached ** piety under Trog
  1971 | D:3      | Found a sparkling altar of Nemelex Xobeh.
  2141 | D:3      | Reached XP level 4. HP: 37/42 MP: 3/3
  2168 | D:3      | Noticed Robin
  2183 | D:3      | Killed Robin
  2308 | D:3      | Noticed Jessica
  2312 | D:3      | Killed Jessica
  2418 | D:3      | Found a runed door.
  2569 | D:3      | Reached XP level 5. HP: 43/49 MP: 4/4
  2583 | D:3      | Reached skill level 3 in Armour
  2779 | D:3      | Noticed Crazy Yiuf
  2786 | D:3      | Killed Crazy Yiuf
  3032 | D:4      | Reached skill level 5 in Maces & Flails
  3095 | D:4      | Reached XP level 6. HP: 50/56 MP: 4/4
  3101 | D:4      | Reached *** piety under Trog
  3202 | D:4      | Found a roughly hewn altar of Beogh.
  3317 | D:4      | Reached skill level 4 in Armour
  3621 | D:5      | Entered Level 5 of the Dungeon
  3711 | D:5      | Reached XP level 7. HP: 59/64 MP: 5/5
  3768 | D:5      | Noticed Dowan
  3777 | D:5      | Noticed Duvessa
  3781 | D:5      | Killed Dowan
  3782 | D:5      | Noticed Duvessa
  3782 | D:5      | Duvessa changed into Duvessa the ooze
  3788 | D:5      | Killed Duvessa the ooze
  4308 | D:6      | Found a deep blue altar of Sif Muna.
  4315 | D:6      | Reached skill level 5 in Armour
  4552 | D:6      | Found a staircase to the Ecumenical Temple.
  4684 | D:6      | Reached skill level 5 in Fighting
  4684 | D:6      | Reached XP level 8. HP: 61/74 MP: 6/6
  4763 | D:6      | Found Feb Tiuti's Magic Scroll Shoppe.
  4772 | D:6      | Bought a scroll of identify for 28 gold pieces
  4772 | D:6      | Bought 2 scrolls of identify for 56 gold pieces
  4772 | D:6      | Bought a scroll of remove curse for 42 gold pieces
  4772 | D:6      | Bought a scroll of remove curse for 42 gold pieces
  4772 | D:6      | Bought a scroll of enchant weapon for 105 gold pieces
  4975 | D:6      | Reached **** piety under Trog
  5627 | D:7      | Reached skill level 6 in Armour
  5635 | D:7      | You fall through a shaft!
  5659 | D:8      | Reached skill level 5 in Dodging
  5687 | D:8      | Noticed a hornet
  5697 | D:8      | Paralysed by a hornet for 3 turns
  5703 | D:8      | Killed a hornet
  5863 | D:8      | Gained mutation: You passively map the area around you. [Deep Dwarf growth]
  5863 | D:8      | Reached XP level 9. HP: 65/82 MP: 7/7
  5874 | D:8      | Noticed Maurice
  5898 | D:8      | Received a gift from Trog
  5914 | D:8      | Killed Maurice
  5953 | D:8      | Reached skill level 7 in Armour
  6162 | D:8      | Reached skill level 1 in Polearms
  6251 | D:8      | Noticed Joseph
  6258 | D:8      | Killed Joseph
  6533 | D:9      | Noticed a troll
  6558 | D:9      | Killed a troll
  6582 | D:9      | Noticed aspa's ghost (novice OpWz)
  6592 | D:9      | Reached skill level 8 in Armour
  6601 | D:8      | Reached XP level 10. HP: 87/94 MP: 7/7
  6624 | D:9      | Killed aspa's ghost
  6862 | D:9      | Found a staircase to the Lair.
  7161 | Lair:1   | Entered Level 1 of the Lair of Beasts
  7161 | Lair:1   | Noticed a spiny frog
  7167 | Lair:1   | Killed a spiny frog
  7167 | Lair:1   | Reached skill level 5 in Polearms
  7514 | Lair:1   | Noticed a spiny frog
  7519 | Lair:1   | Killed a spiny frog
  7519 | Lair:1   | Reached skill level 9 in Armour
  7521 | Lair:1   | Received a gift from Trog
  7654 | Lair:1   | Noticed a black mamba
  7668 | Lair:1   | Killed a black mamba
  7917 | Lair:1   | Noticed a black mamba
  7924 | Lair:1   | Identified a scroll of acquirement
  8017 | Lair:1   | Reached XP level 11. HP: 99/103 MP: 5/5
  9454 | Lair:3   | Noticed a four-headed hydra
  9477 | Lair:3   | Killed a four-headed hydra
  9512 | Lair:3   | Found a labyrinth entrance.
  9608 | Lair:3   | Noticed an oklob plant
  9654 | Lair:3   | Noticed a seven-headed hydra
  9674 | Lair:3   | Killed an 11-headed hydra
  9674 | Lair:3   | Reached skill level 10 in Armour
  9701 | Lair:3   | HP: 1/104 [elephant (9)]
  9702 | Lair:3   | Noticed an oklob plant
  9702 | Lair:3   | Slain by an elephant

Skill      XL: |  1  2  3  4  5  6  7  8  9 10 11 |
---------------+----------------------------------+-----
Fighting       | 3 4 5 7 8 |  8.9
Maces & Flails | 4 5 6 7 8 |  8.0
Armour         | 3 4 5 6 8 9 10 | 10.0
Dodging        | 4 5 7 8 9 |  9.3
Polearms       | 3 6 8 |  8.1
Stealth        | |  0.3
Evocations     | |  0.3

Action                   |  1- 3 |  4- 6 |  7- 9 | 10-12 || total
-------------------------+-------+-------+-------+-------++-------
Melee: Mace              |   178 |   143 |   305 |       ||   626
       Flail             |       |       |    56 |       ||    56
       Halberd           |       |       |    82 |   335 ||   417
Invok: Berserk           |     1 |     4 |    10 |     4 ||    19
       Trog's Hand       |       |     3 |     7 |     2 ||    12
       Brothers in Arms  |       |       |     4 |     1 ||     5
 Abil: Heal Wounds       |     3 |     4 |    15 |    17 ||    39
Evoke: Wand              |       |     2 |     7 |       ||     9
  Use: Scroll            |       |     4 |     9 |    17 ||    30
       Potion            |       |       |     6 |     6 ||    12
 Stab: Sleeping          |     2 |       |       |       ||     2
       Invisible         |       |       |     2 |       ||     2
  Eat: Chunk             |     5 |     9 |       |       ||    14
       Meat ration       |       |     1 |     3 |     3 ||     7
       Bread ration      |       |       |     2 |     1 ||     3
Armor: Animal skin       |    34 |       |       |       ||    34
       Scale mail        |    26 |    58 |    10 |       ||    94
       Chain mail        |       |       |   200 |       ||   200
       Plate armour      |       |       |    97 |   416 ||   513
Dodge: Dodged            |   143 |   107 |   272 |   377 ||   899
Block: Buckler           |       |       |    15 |       ||    15
